 Seeded DCSS version 0.31-a0-1074-g0b22e4e (webtiles) character file.

Game seed: 8889874930823412223 (custom seed)

1667 edsrzf the Destroyer (level 9, 0/75 HPs)
             Began as a Tengu Reaver on Nov 26, 2023.
             Slain by an orc wizard
             ... wielding a +0 dagger
              (1 damage)
             ... on level 7 of the Dungeon.
             The game lasted 00:19:03 (5890 turns).

edsrzf the Destroyer (Tengu Reaver)                 Turns: 5890, Time: 00:19:04

Health: 0/75       AC:  8    Str: 13    XL:     9   Next: 1%
Magic:  13/13      EV: 16    Int: 17    God:
Gold:   368        SH:  0    Dex: 16    Spells: 6/12 levels left

rFire   + . .        a - +1 falchion (holy)
rCold   . . .        (no shield)
rNeg    . . .        n - +2 robe of Qywnem {Dex+3}
rPois   .            (helmet restricted)
rElec   .            (no cloak)
rCorr   .            (no gloves)
SInv    .            (boots unavailable)
Will    .....        (no amulet) Stlth
                     p - ring of protection from fire
HPRegen 0.32/turn    s - +4 ring of protection
MPRegen 0.13/turn

%: acrobat
@: berserking, lethally poisoned (0 -> -11), flying, very quick
A: beak, talons 3, evasive flight, acrobatic
a: no special abilities


You were on level 7 of the Dungeon.
You visited 1 branch of the dungeon, and saw 7 of its levels.

You collected 368 gold pieces.

Inventory:

Hand Weapons
 a - a +1 falchion of holy wrath (weapon)
 i - a +0 great sword
 u - a +2 short sword of protection
Missiles
 q - 15 poisoned darts
Armour
 n - the +2 robe of Qywnem (worn) {Dex+3}
   (You found it on level 3 of the Dungeon)

   Dex+3:     It affects your dexterity (+3).
Magical Staves
 j - a staff of fire
 l - a staff of conjuration
Jewellery
 h - a +6 ring of dexterity
 p - a ring of protection from fire (left hand)
 s - a +4 ring of protection (right hand)
Wands
 m - a wand of charming (11)
Scrolls
 b - 5 scrolls of teleportation {unknown}
 c - 2 scrolls of identify
 d - 2 scrolls of enchant armour {unknown}
 f - a scroll of blinking {unknown}
 g - 2 scrolls of immolation {unknown}
 o - a scroll of summoning {unknown}
 r - a scroll of silence {unknown}
 t - a scroll of noise {unknown}
 x - a scroll of poison {unknown}
Potions
 k - 2 potions of ambrosia
 w - a potion of curing {unknown}
 z - a potion of mutation {unknown}


   Skills:
 + Level 3.1 Fighting
 - Level 9.2 Long Blades
 - Level 2.1 Dodging
 - Level 2.0 Spellcasting
 - Level 9.5 Conjurations
 - Level 3.4 Necromancy


You had 6 spell levels left.
You knew the following spells:

 Your Spells              Type           Power      Damage    Failure   Level
a - Kiss of Death         Conj/Necr      92%        2d12      1%          1
b - Momentum Strike       Conj/Tloc      34%        3d8       4%          2
c - Hailstorm             Conj/Ice       17%        3d6       9%          3

Your spell library contained the following spells:

 Spells                   Type           Power      Damage    Failure   Level
 Sting                    Tmut/Pois      4%         1d3       19%         1
 Poisonous Vapours        Pois/Air       2%         N/A       28%         2
 Wereblood                Tmut           1%         N/A       28%         2
 Irradiate                Conj/Tmut      8%         3d14      58%         5
 Leda's Liquefaction      Hex/Erth       0%         N/A       88%         4
 Olgreb's Toxic Radiance  Pois           1%         N/A       88%         4
 Lee's Rapid Deconstruct  Erth           0%         3d4*      99%         5
 Bombard                  Conj/Erth      8%         9d2       99%         6


Dungeon Overview and Level Annotations

Branches:
Dungeon (7/15)
 Temple: D:4-7

Altars:
Ashenzari
Cheibriados
Nemelex Xobeh
Yredelemnul

Shops:
D:2 [

Annotations:
D:2 1 runed translucent door, 1 exclusion
D:5 exclusion: ogre
D:7 Prince Ribbit


Innate Abilities, Weirdness & Mutations

You have a beak for a mouth.
You have claws for feet.
Your magical flight helps you evade attacks. (EV +4)
You can magically evade attacks while moving or waiting.


Message History

Pikel is heavily wounded.
Pikel hits you with a +0 whip of freezing.
Pikel freezes you.
You hit Pikel. You peck Pikel, but do no damage.
Pikel is heavily wounded.
Pikel hits you with a +0 whip of freezing!
Pikel freezes you.
You closely miss Pikel. You claw Pikel, but do no damage.
Your peck misses Pikel.
Pikel is heavily wounded.
You completely miss Pikel. Your kick misses Pikel.
You peck Pikel, but do no damage.
Pikel is heavily wounded.
Pikel hits you but does no damage.
You hit Pikel but do no damage. Your punch misses Pikel.
Pikel is heavily wounded.
Pikel hits you with a +0 whip of freezing!
Pikel freezes you.
Cast which spell? (? or * to list)
Okay, then.
You hit Pikel. You peck Pikel, but do no damage.
Pikel is severely wounded.
Pikel hits you with a +0 whip of freezing.
Pikel freezes you.
You feel much better. Pikel barely misses you.
You hit Pikel. You peck Pikel, but do no damage.
Pikel is severely wounded.
Pikel hits you with a +0 whip of freezing.
Pikel freezes you.
You completely miss Pikel. Your peck misses Pikel.
You punch Pikel, but do no damage.
Pikel is severely wounded.
Pikel closely misses you.
You hit Pikel. You claw Pikel, but do no damage.
Pikel is severely wounded.
Pikel barely misses you.
You closely miss Pikel. You claw Pikel!
Pikel is almost dead.
Pikel hits you with a +0 whip of freezing.
Pikel freezes you.
You slash Pikel!
You kill Pikel!
Your Long Blades skill increases to level 9!
Your Conjurations skill increases to level 9!
Unknown command.
You closely miss the orc wizard.
You peck the orc wizard, but do no damage.
The orc wizard hits you but does no damage.
You are poisoned.
You hit the orc wizard. Your kick misses the orc wizard.
Your peck misses the orc wizard.
The orc wizard is lightly wounded.
You feel very sick.
The orc wizard hits you with a +2 dagger of venom.
You are more poisoned.
You barely miss the orc wizard.
You peck the orc wizard, but do no damage.
The orc wizard is lightly wounded.
You feel very sick. The orc wizard completely misses you.
You hit the orc wizard.
The orc wizard is lightly wounded.
You feel very sick.
The orc wizard points at you and mumbles some strange words.
The magic dart hits you.
* * * LOW HITPOINT WARNING * * *
It was a potion of berserk rage.
A red film seems to cover your vision as you go berserk!
You feel yourself moving faster!
You feel mighty!
You feel very sick.
The orc wizard hits you with a +2 dagger of venom.
* * * LOW HITPOINT WARNING * * *
You are lethally poisoned!
You completely miss the orc wizard. Your kick misses the orc wizard.
The orc wizard is lightly wounded.
* * * LOW HITPOINT WARNING * * *
You feel very sick.
Press: ? - help, v - describe, . - travel, g - get item
Here: an orc wizard, wielding a +2 dagger of venom and wearing a +0 robe (lightly wounded)
Items here: a +0 whip of freezing; a +0 robe.
The floor, spattered with blood.
You slice the orc wizard!!
You kill the orc wizard!
* * * LOW HITPOINT WARNING * * *
You feel sick.
You have reached level 9!
Your experience leads to an increase in your attributes!
Your base attributes are Str 13, Int 15, Dex 13.
Increase (S)trength, (I)ntelligence, or (D)exterity?
You feel clever.
You feel clever.
You are too berserk!
Unknown command.
* * * LOW HITPOINT WARNING * * *
You feel sick.
You miss the orc wizard. Your kick misses the orc wizard.
* * * LOW HITPOINT WARNING * * *
You feel very sick.
The orc wizard hits you with a +0 dagger.
You die...

....##...##....#...oo.......
....##.........#............
<..............#............
...............#.K..........
...............#............
...............#........!###
.........#######)........#
....##...#.....o##########
######...#......@........#
#....#......#........#
#....'......#........#
#....#......#........#
##...#......#....##.##
#####......#########
#####'## #..# #..#


You could see an orc wizard.

Vanquished Creatures
  Pikel (D:7)
  Menkaure (D:6)
  A sky beast (D:6)
  An ogre (D:6)
  A centaur (D:6)
  3 lemures (D:7)
  A kobold brigand (D:5)
  2 scorpions (D:5)
  2 bullfrogs
  A howler monkey (D:6)
  4 hounds
  A jelly (D:6)
  An orc priest (D:6)
  A sleepcap (D:5)
  Jessica (D:2)
  3 iguanas
  2 orc wizards
  6 adders
  2 white imps
  A worm (D:4)
  A dart slug (D:4)
  10 orcs
  3 endoplasms
  3 giant cockroaches
  3 goblins
  4 hobgoblins
  3 jackals (D:3)
  4 quokkas
  6 ball pythons
  6 bats
  2 frilled lizards (D:1)
  8 kobolds
  10 rats
99 creatures vanquished.

Notes
Turn   | Place    | Note
-------+----------+-------------------------------------------
     0 | D:1      | edsrzf the Tengu Reaver began the quest for the Orb.
     0 | D:1      | Reached XP level 1. HP: 12/12 MP: 4/4
   309 | D:1      | Reached XP level 2. HP: 18/18 MP: 6/6
   743 | D:2      | Learned a level 2 spell: Momentum Strike
   958 | D:2      | Found Ismisun's Antique Armour Boutique.
  1088 | D:2      | Noticed Jessica
  1104 | D:2      | Reached XP level 3. HP: 22/22 MP: 7/7
  1107 | D:2      | Killed Jessica
  1108 | D:2      | Reached skill level 3 in Fighting
  1108 | D:2      | Reached skill level 4 in Long Blades
  1538 | D:2      | Found a runed translucent door.
  1579 | D:2      | Reached XP level 4. HP: 24/28 MP: 8/8
  1936 | D:3      | Reached skill level 1 in Necromancy
  2006 | D:3      | Found a faded altar of an unknown god.
  2116 | D:3      | Identified the +2 robe of Qywnem {Dex+3}
  2884 | D:4      | Reached XP level 5. HP: 20/26 MP: 9/9
  2924 | D:4      | Found a basalt altar of Yredelemnul.
  2930 | D:4      | Found a broken altar of Ashenzari.
  2934 | D:4      | Found a snail-covered altar of Cheibriados.
  2936 | D:4      | Found a sparkling altar of Nemelex Xobeh.
  3018 | D:4      | Reached skill level 5 in Long Blades
  3018 | D:4      | Reached skill level 2 in Necromancy
  3296 | D:5      | Entered Level 5 of the Dungeon
  3664 | D:4      | Identified 6 scrolls of identify
  3664 | D:4      | Identified 3 potions of heal wounds
  3665 | D:4      | Identified 3 potions of lignification
  3666 | D:4      | Identified 2 potions of ambrosia
  3667 | D:4      | Identified 2 potions of degeneration
  3715 | D:5      | Reached skill level 3 in Necromancy
  3715 | D:5      | Reached XP level 6. HP: 29/37 MP: 10/10
  3935 | D:5      | Reached skill level 6 in Long Blades
  3951 | D:5      | Learned a level 3 spell: Hailstorm
  4052 | D:5      | Reached skill level 5 in Conjurations
  4052 | D:5      | Gained mutation: Your magical flight helps you evade
                  | attacks. (EV +4) [Tengu growth]
  4052 | D:5      | Reached XP level 7. HP: 22/41 MP: 11/11
  4628 | D:6      | Reached skill level 7 in Long Blades
  4628 | D:6      | Reached skill level 6 in Conjurations
  5102 | D:6      | Noticed Menkaure
  5110 | D:6      | Killed Menkaure
  5176 | D:6      | Reached skill level 7 in Conjurations
  5176 | D:6      | Reached XP level 8. HP: 29/46 MP: 12/12
  5451 | D:6      | Reached skill level 8 in Long Blades
  5518 | D:6      | Reached skill level 8 in Conjurations
  5680 | D:7      | Noticed Prince Ribbit
  5846 | D:7      | Noticed Pikel
  5881 | D:7      | Killed Pikel
  5882 | D:7      | Reached skill level 9 in Long Blades
  5882 | D:7      | Reached skill level 9 in Conjurations
  5886 | D:7      | Identified a potion of berserk rage
  5889 | D:7      | Reached XP level 9. HP: 6/50 MP: 13/13
  5890 | D:7      | HP: 1/75 [poisoned by an orc wizard]
  5890 | D:7      | Slain by an orc wizard

Illustrated notes

Levels and vault maps discovered:
D:1:      giann_horns, layout_loops_cross
D:2:      layout_loops_corners, serial_shops, nicolae_shop_hallway_plus,
          uniq_crazy_yiuf_cottage, uniq_jessica
D:3:      layout_basic, ebering_ecumenical_altar_mist
D:4:      dreamdust_elfheim, layout_gridville,
          nicolae_overflow_macrodata_refinement
D:5:      layout_loops_ring, marbit_many_paths
D:6:      layout_cave_pools, minmay_misc_feat_roman, uniq_menkaure
D:7:      layout_gridville, temple_doors_e, amcnicky_mini_rare_corridor_liquid,
          uniq_prince_ribbit1, uniq_pikel

Skill      XL: |  1  2  3  4  5  6  7  8 |
---------------+-------------------------+-----
Fighting       | 3 |  3.1
Long Blades    | 4 5 6 7 9 |  9.2
Necromancy     | 1 3 |  3.4
Conjurations   | 5 7 9 |  9.5
Dodging        | |  2.1
Spellcasting   | |  2.0

Action                     |  1- 3 |  4- 6 |  7- 9 || total
---------------------------+-------+-------+-------++-------
  Melee: Falchion          |    73 |   120 |   190 ||   383
         Kick              |    17 |    38 |    41 ||    96
         Peck              |     9 |    30 |    33 ||    72
         Punch             |       |       |     1 ||     1
  Throw: Dart              |       |       |     4 ||     4
   Cast: Kiss of Death     |     2 |     2 |       ||     4
  Evoke: Wand              |       |       |     1 ||     1
    Use: Scroll            |       |     4 |       ||     4
         Potion            |       |     1 |     6 ||     7
   Stab: Sleeping          |       |       |     1 ||     1
 Armour: Leather armour    |    30 |     7 |       ||    37
         Robe              |       |    47 |    75 ||   122
         Skin              |       |     2 |    34 ||    36
  Dodge: Dodged            |    31 |    59 |   110 ||   200

Table legend: (Time is in decaauts)
 A = Elapsed time spent in this place.
 B = Non-inter-level travel time spent in this place.
 C = Inter-level travel time spent in this place.
 D = Time resting spent in this place.
 E = Time spent auto-exploring this place.
 F = Levels seen in this place.
 G = Mean time per level.
                   A        B        C        D        E       F      G
               +--------+--------+--------+--------+--------+-----+--------+
         Total |   5887 |   5565 |    322 |    500 |   2942 |   7 |  841.0 |
       Dungeon |   5887 |   5565 |    322 |    500 |   2942 |   7 |  841.0 |
               +--------+--------+--------+--------+--------+-----+--------+

Top non-repeatable levels by time:
     D:5: 1146 daAuts
     D:3: 1127 daAuts
     D:2: 955 daAuts
     D:4: 883 daAuts
     D:6: 811 daAuts
     D:1: 757 daAuts
     D:7: 205 daAuts
